Login

New York Islanders vs Washington Capitals

Created - April 26, 2024 at 22:40

Goals
1 2 3 T
New York Islanders 0 0 2 2
Washington Capitals 3 0 1 4
Shots
1 2 3 T
New York Islanders 11 11 7 29
Washington Capitals 5 9 10 24

GoalsPenalties
1st period
1. Washington Capitals , Sam Bennett 2 (Clayton Keller 4, Radko Gudas 1) at 9:08
2. Washington Capitals , Radko Gudas 1 (Sam Bennett 3, Clayton Keller 5) at 9:48
3. Washington Capitals , Clayton Keller 3 (Damon Severson 1, Sam Bennett 4) at 14:18
No Penalty
2nd period
No Goal
Ryan Strome (NYI) for Holding Stick (Minor) at 12:54
3rd period
4. New York Islanders , Roope Hintz 1 (Colin Miller 1, Ryan Hartman 1) at 3:39
5. New York Islanders , Brandon Saad 2 (Zack MacEwen 2, Colin Miller 2) at 15:25
6. Washington Capitals , Radko Gudas 2 (Ryan O'Reilly 1, Clayton Keller 6) at 17:19
No Penalty
Goalie Stats
James Reimer (NYI), 20 saves from 24 shots - (0.833), L, 0-3-0, 60:00 minutes
Carter Hart (WSH), 27 saves from 29 shots - (0.931), W, 3-0-0, 60:00 minutes
3 StarsOfficial
1 - Radko Gudas (WSH)
2 - Sam Bennett (WSH)
3 - Clayton Keller (WSH)
Referees : Unknown
Linesman : Unknown
Game Note
No Game Note
Finance
Level 1 -- Attendance: 6000 (100.00%) -- Ticket Income $498,000
Level 2 -- Attendance: 5000 (100.00%) -- Ticket Income $255,000
Level 3 -- Attendance: 2000 (100.00%) -- Ticket Income $52,000
Level 4 -- Attendance: 4000 (100.00%) -- Ticket Income $64,000
Luxury Box -- Attendance: 1000 (100.00%) -- Ticket Income $170,000
Game was played at the Verizon Center.
Total Attendance: 18000 (100.00%)
Total Ticket Income: $1,039,000
Total Income: $1,039,000



Team Name Goals Shots Shots Attemp Shots Blocked PIM HIT PP PK FO%
New York Islanders 2294592250 / 0 (0.00%048%
Washington Capitals 4245740240 / 1 (0%)052%

New York Islanders
Player Name POS G A P +/- PIM HIT SHT SB MP PP MP PP SHT PK MP PK SHT FO% FOT
Blake LizotteC000002008:580:0001:04050% 10
Boone JennerC000-2015017:350:0000:48067% 18
Brandon HagelLW000-2022016:470:0000:0000% 0
Brandon SaadLW1011002014:050:0000:0000% 0
Colin MillerD022-1030215:400:0000:3400% 0
Esa LindellD000-1040124:540:0000:3700% 0
Filip RoosD000-1000215:180:0000:3400% 0
Jared SpurgeonD000-1010125:160:0000:3700% 0
Roope HintzC101-1016019:220:0000:07046% 24
Ryan HartmanRW011-1043019:150:0000:000100% 2
Ryan StromeC0001211014:040:0000:00029% 17
Ryan SuterD0000012019:260:0000:4800% 0
Scott MayfieldD0000002119:260:0000:4800% 0
Travis KonecnyLW/RW000-1003019:160:0000:0100% 2
Trevor MooreLW000000019:160:0001:2200% 0
Tyler MotteLW/RW000-2000117:230:0000:3600% 0
Tyson JostC/LW/RW000002007:540:0000:00050% 4
Zack MacEwenRW0111033014:050:0000:0000% 0
Washington Capitals
Player Name POS G A P +/- PIM HIT SHT SB MP PP MP PP SHT PK MP PK SHT FO% FOT
Alexandre CarrierD0003010015:410:0000:0000% 0
Brayden SchennC/LW0001012023:130:4500:00050% 8
Brendan GallagherLW/RW0000023018:210:4000:0000% 1
Cal ClutterbuckRW000-1011017:550:0000:0000% 2
Calen AddisonD000000004:050:5100:0000% 0
Casey CizikasC/LW/RW000-1002018:290:3400:00037% 19
Clayton KellerLW/RW1343003022:590:3400:0000% 1
Cody CeciD0000020120:080:4500:0000% 0
Damon SeversonD011-1021020:170:3400:0000% 0
Derek RyanC/LW000-1013018:060:1100:0000% 0
Julien GauthierRW000000001:141:1400:0000% 0
Luke GlendeningC0000011017:410:0000:00057% 21
Radko GudasD2133032015:410:0000:0000% 0
Ryan GravesD000-1021120:170:3400:0000% 0
Ryan O'ReillyC0112010017:300:3400:00067% 24
Sam BennettC/LW/RW1233065022:360:1100:000100% 1
Sam CarrickC/LW000000001:561:1400:0000% 0
Victor HedmanD0000010223:511:1400:0000% 0

New York Islanders

5 vs 5 Forward
Line #Left WingCenterRight WingPHYDFOFWanted %Time %Time Play
1Travis KonecnyRoope HintzRyan Hartman1133533%19:15
2Brandon HagelBoone JennerTyler Motte0233029%16:47
3Brandon SaadRyan StromeZack MacEwen1222524%14:05
4Trevor MooreBlake LizotteTyson Jost1221014%7:54
5 vs 5 Defense
Line #DefenseDefensePHYDFOFWanted %Time %Time Play
1Jared SpurgeonEsa Lindell1313534%19:29
2Ryan SuterScott Mayfield1313032%18:38
3Colin MillerFilip Roos1402526%15:06
4Jared SpurgeonEsa Lindell131108%4:48
Power Play Forward
Line #Left WingCenterRight WingPHYDFOFWanted %Time %Time Play
1Travis KonecnyRoope HintzRyan Hartman005600%0:00
2Brandon HagelBoone JennerTyler Motte104400%0:00
Power Play Defense
Line #DefenseDefensePHYDFOFWanted %Time %Time Play
1Jared SpurgeonEsa Lindell014600%0:00
2Ryan SuterScott Mayfield113400%0:00
Penalty Kill 4 Players Forward
Line #CenterWingPHYDFOFWanted %Time %Time Play
1Boone JennerTrevor Moore0506075%1:29
2Blake LizotteTyler Motte0504025%0:30
Penalty Kill 4 Players Defense
Line #DefenseDefensePHYDFOFWanted %Time %Time Play
1Jared SpurgeonEsa Lindell1406060%1:11
2Ryan SuterScott Mayfield1404040%0:48
Penalty Kill 3 Players
Line #WingPHYDFOFWanted %Time %Time PlayDefenseDefensePHYDFOFWanted %Time %Time Play
1Tyson Jost050500%0:00 Jared SpurgeonEsa Lindell140500%0:00
2Tyler Motte050500%0:00 Ryan SuterScott Mayfield140500%0:00
4 vs 4 Forward
Line #CenterWingPHYDFOFWanted %Time %Time Play
1Roope HintzTravis Konecny122600%0:00
2Boone JennerBrandon Hagel122400%0:00
4 vs 4 Defense
Line #DefensePHYDFOFWanted %Time %Time Play
1Jared SpurgeonEsa Lindell122600%0:00
2Ryan SuterScott Mayfield122400%0:00
Last Minutes Offensive
Left WingCenterRight WingDefenseDefense
Travis KonecnyRoope HintzRyan HartmanJared SpurgeonEsa Lindell
Last Minutes Defensive
Left WingCenterRight WingDefenseDefense
Travis KonecnyRoope HintzRyan HartmanJared SpurgeonEsa Lindell
Time
Total ForwardTotal DefenseLast Minutes OffensiveLast Minutes Defensive
60:00 60:00 0:000:00
Extra Forwards
Normal PowerPlayPenalty Kill
Roope Hintz, Travis Konecny, Brandon HagelBrandon Hagel, Roope HintzBoone Jenner
Extra Defensemen
Normal PowerPlayPenalty Kill
Jared Spurgeon, Esa Lindell, Ryan SuterColin Miller, Ryan SuterEsa Lindell
Penalty Shots
Roope Hintz, Trevor Moore, Boone Jenner, Ryan Strome, Travis Konecny
Goalie
James Reimer, Adin Hill
Scratches
NYI Cap Hit (Suspend)

Washington Capitals

5 vs 5 Forward
Line #Left WingCenterRight WingPHYDFOFWanted %Time %Time Play
1Derek RyanCasey CizikasCal Clutterbuck3203031%17:55
2Clayton KellerRyan O'ReillySam Bennett1133029%16:56
3Brayden SchennLuke GlendeningBrendan Gallagher1403030%17:41
4Clayton KellerBrayden SchennSam Bennett113109%5:29
5 vs 5 Defense
Line #DefenseDefensePHYDFOFWanted %Time %Time Play
1Ryan GravesDamon Severson1403634%19:43
2Victor HedmanCody Ceci1223633%19:23
3Alexandre CarrierRadko Gudas1402827%15:41
4Victor HedmanCalen Addison05006%3:14
Power Play Forward
Line #Left WingCenterRight WingPHYDFOFWanted %Time %Time Play
1Clayton KellerBrayden SchennSam Bennett1046738%0:45
2Sam CarrickRyan O'ReillyJulien Gauthier5003362%1:14
Power Play Defense
Line #DefenseDefensePHYDFOFWanted %Time %Time Play
1Victor HedmanCalen Addison0056771%1:25
2Damon SeversonRyan Graves0053329%0:34
Penalty Kill 4 Players Forward
Line #CenterWingPHYDFOFWanted %Time %Time Play
1Ryan O'ReillyDerek Ryan230500%0:00
2Casey CizikasCal Clutterbuck230500%0:00
Penalty Kill 4 Players Defense
Line #DefenseDefensePHYDFOFWanted %Time %Time Play
1Damon SeversonRyan Graves140500%0:00
2Victor HedmanCody Ceci140500%0:00
Penalty Kill 3 Players
Line #WingPHYDFOFWanted %Time %Time PlayDefenseDefensePHYDFOFWanted %Time %Time Play
1Ryan O'Reilly050600%0:00 Damon SeversonRyan Graves050500%0:00
2Luke Glendening050400%0:00 Victor HedmanCody Ceci050500%0:00
4 vs 4 Forward
Line #CenterWingPHYDFOFWanted %Time %Time Play
1Ryan O'ReillyClayton Keller023500%0:00
2Sam BennettBrayden Schenn023500%0:00
4 vs 4 Defense
Line #DefensePHYDFOFWanted %Time %Time Play
1Victor HedmanCody Ceci032670%0:00
2Ryan GravesDamon Severson050330%0:00
Last Minutes Offensive
Left WingCenterRight WingDefenseDefense
Clayton KellerRyan O'ReillySam BennettVictor HedmanBrayden Schenn
Last Minutes Defensive
Left WingCenterRight WingDefenseDefense
Casey CizikasRyan O'ReillyCal ClutterbuckDamon SeversonCody Ceci
Time
Total ForwardTotal DefenseLast Minutes OffensiveLast Minutes Defensive
60:00 60:00 0:000:00
Extra Forwards
Normal PowerPlayPenalty Kill
Sam Carrick, Julien Gauthier, Clayton KellerBrendan Gallagher, Casey CizikasClayton Keller
Extra Defensemen
Normal PowerPlayPenalty Kill
Calen Addison, Victor Hedman, Radko GudasCody Ceci, Radko GudasAlexandre Carrier
Penalty Shots
Clayton Keller, Ryan O'Reilly, Brayden Schenn, Sam Bennett, Victor Hedman
Goalie
Carter Hart, Pheonix Copley
Scratches
Philip Tomasino (Healthy), WSH Cap Hit (Suspend)


Play-by-Play

1st period


0:01 of 1st period - Ryan Hartman wins face-off versus Cal Clutterbuck in neutral zone.
0:30 of 1st period - Off-side.
0:31 of 1st period - Boone Jenner wins face-off versus Ryan O'Reilly in neutral zone.
0:31 of 1st period - Ryan Suter is hit by Ryan O'Reilly and loses puck.
0:42 of 1st period - Shot by Boone Jenner.
0:42 of 1st period - Stopped by Carter Hart without a rebound.
0:43 of 1st period - Ryan Strome wins face-off versus Luke Glendening in Washington Capitals zone.
0:52 of 1st period - Shot by Zack MacEwen.
0:52 of 1st period - Stopped by Carter Hart with a rebound.
1:48 of 1st period - Cody Ceci is hit by Brandon Hagel and loses puck.
2:03 of 1st period - Shot by Boone Jenner.
2:03 of 1st period - Shot Blocked by Victor Hedman.
3:05 of 1st period - Shot by Roope Hintz.
3:05 of 1st period - Stopped by Carter Hart without a rebound.
3:06 of 1st period - Luke Glendening wins face-off versus Blake Lizotte in Washington Capitals zone.
4:05 of 1st period - Off-side.
4:06 of 1st period - Casey Cizikas wins face-off versus Roope Hintz in neutral zone.
4:11 of 1st period - Shot by Damon Severson.
4:11 of 1st period - Shot Misses the Net.
4:13 of 1st period - Shot by Damon Severson.
4:13 of 1st period - Stopped by James Reimer without a rebound.
4:14 of 1st period - Roope Hintz wins face-off versus Ryan O'Reilly in New York Islanders zone.
4:14 of 1st period - Roope Hintz is hit by Sam Bennett.
4:39 of 1st period - Ryan O'Reilly is hit by Colin Miller and loses puck.
5:33 of 1st period - Damon Severson is hit by Ryan Suter and loses puck.
5:38 of 1st period - Shot by Casey Cizikas.
5:38 of 1st period - Stopped by James Reimer with a rebound.
5:40 of 1st period - Shot by Casey Cizikas.
5:40 of 1st period - Shot Misses the Net.
6:15 of 1st period - Icing by Ryan Suter.
6:16 of 1st period - Boone Jenner wins face-off versus Clayton Keller in New York Islanders zone.
6:35 of 1st period - Shot by Zack MacEwen.
6:35 of 1st period - Stopped by Carter Hart with a rebound.
6:56 of 1st period - Shot by Jared Spurgeon.
6:56 of 1st period - Shot Misses the Net.
7:11 of 1st period - Off-side.
7:12 of 1st period - Roope Hintz wins face-off versus Luke Glendening in neutral zone.
7:22 of 1st period - Icing by Damon Severson.
7:23 of 1st period - Luke Glendening wins face-off versus Tyson Jost in Washington Capitals zone.
7:52 of 1st period - Icing by Colin Miller.
7:53 of 1st period - Blake Lizotte wins face-off versus Cal Clutterbuck in New York Islanders zone.
8:19 of 1st period - Cody Ceci is hit by Esa Lindell and loses puck.
9:02 of 1st period - Shot by Clayton Keller.
9:02 of 1st period - Shot Misses the Net.
9:04 of 1st period - Shot by Clayton Keller.
9:04 of 1st period - Shot Misses the Net.
9:06 of 1st period - Shot by Clayton Keller.
9:06 of 1st period - Shot Misses the Net.
9:08 of 1st period - Shot by Sam Bennett.
9:08 of 1st period - Goal by Sam Bennett - New York Islanders : 0 - Washington Capitals : 1.
9:09 of 1st period - Luke Glendening wins face-off versus Ryan Strome in neutral zone.
9:09 of 1st period - Luke Glendening is hit by Zack MacEwen.
9:13 of 1st period - Ryan Suter is hit by Brendan Gallagher and loses puck.
9:28 of 1st period - Shot by Brandon Saad.
9:28 of 1st period - Shot Misses the Net.
9:30 of 1st period - Shot by Zack MacEwen.
9:30 of 1st period - Stopped by Carter Hart without a rebound.
9:31 of 1st period - Boone Jenner wins face-off versus Ryan O'Reilly in Washington Capitals zone.
9:44 of 1st period - Shot by Clayton Keller.
9:44 of 1st period - Shot Blocked by Colin Miller.
9:46 of 1st period - Shot by Sam Bennett.
9:46 of 1st period - Shot Blocked by Filip Roos.
9:48 of 1st period - Shot by Radko Gudas.
9:48 of 1st period - Goal by Radko Gudas - New York Islanders : 0 - Washington Capitals : 2.
9:49 of 1st period - Ryan Strome wins face-off versus Casey Cizikas in neutral zone.
10:07 of 1st period - Icing by Victor Hedman.
10:08 of 1st period - Boone Jenner wins face-off versus Casey Cizikas in Washington Capitals zone.
10:08 of 1st period - Brandon Hagel is hit by Cody Ceci and loses puck.
10:54 of 1st period - Icing by Esa Lindell.
10:55 of 1st period - Brayden Schenn wins face-off versus Boone Jenner in New York Islanders zone.
11:00 of 1st period - Shot by Sam Bennett.
11:00 of 1st period - Shot Misses the Net.
11:20 of 1st period - Damon Severson is hit by Ryan Hartman and loses puck.
11:28 of 1st period - Icing by Ryan Graves.
11:29 of 1st period - Ryan Strome wins face-off versus Brayden Schenn in Washington Capitals zone.
12:38 of 1st period - Shot by Roope Hintz.
12:38 of 1st period - Stopped by Carter Hart with a rebound.
13:14 of 1st period - Tyson Jost is hit by Brendan Gallagher and loses puck.
13:36 of 1st period - Jared Spurgeon is hit by Radko Gudas and loses puck.
14:18 of 1st period - Shot by Clayton Keller.
14:18 of 1st period - Goal by Clayton Keller - New York Islanders : 0 - Washington Capitals : 3.
14:19 of 1st period - Ryan O'Reilly wins face-off versus Ryan Strome in neutral zone.
14:19 of 1st period - Ryan O'Reilly is hit by Zack MacEwen.
15:40 of 1st period - Shot by Ryan Hartman.
15:40 of 1st period - Shot Misses the Net.
15:42 of 1st period - Shot by Travis Konecny.
15:42 of 1st period - Stopped by Carter Hart with a rebound.
15:44 of 1st period - Shot by Roope Hintz.
15:44 of 1st period - Stopped by Carter Hart with a rebound.
16:18 of 1st period - Shot by Brandon Hagel.
16:18 of 1st period - Stopped by Carter Hart without a rebound.
16:19 of 1st period - Ryan O'Reilly wins face-off versus Blake Lizotte in Washington Capitals zone.
16:19 of 1st period - Ryan O'Reilly is hit by Tyson Jost.
16:47 of 1st period - Off-side.
16:48 of 1st period - Boone Jenner wins face-off versus Luke Glendening in neutral zone.
17:01 of 1st period - Shot by Boone Jenner.
17:01 of 1st period - Stopped by Carter Hart without a rebound.
17:02 of 1st period - Casey Cizikas wins face-off versus Roope Hintz in Washington Capitals zone.
17:02 of 1st period - Alexandre Carrier is hit by Ryan Hartman and loses puck.
17:14 of 1st period - Roope Hintz is hit by Radko Gudas and loses puck.
17:24 of 1st period - Travis Konecny is hit by Radko Gudas.
17:59 of 1st period - Shot by Ryan Suter.
17:59 of 1st period - Shot Misses the Net.
18:01 of 1st period - Shot by Ryan Suter.
18:01 of 1st period - Stopped by Carter Hart without a rebound.
18:02 of 1st period - Ryan O'Reilly wins face-off versus Boone Jenner in Washington Capitals zone.
18:09 of 1st period - Shot by Clayton Keller.
18:09 of 1st period - Shot Misses the Net.
18:41 of 1st period - Shot by Clayton Keller.
18:41 of 1st period - Shot Misses the Net.
18:43 of 1st period - Shot by Cody Ceci.
18:43 of 1st period - Shot Blocked by Tyler Motte.
19:12 of 1st period - Icing by Damon Severson.
19:13 of 1st period - Roope Hintz wins face-off versus Luke Glendening in Washington Capitals zone.
19:25 of 1st period - Damon Severson is hit by Esa Lindell and loses puck.
19:50 of 1st period - Shot by Roope Hintz.
19:50 of 1st period - Shot Misses the Net.
Goals for this period are 0 for New York Islanders vs 3 for Washington Capitals.
Shots for this period are 11 for New York Islanders vs 5 for Washington Capitals.

2nd period


0:01 of 2nd period - Ryan O'Reilly wins face-off versus Ryan Strome in neutral zone.
0:06 of 2nd period - Shot by Clayton Keller.
0:06 of 2nd period - Stopped by James Reimer without a rebound.
0:07 of 2nd period - Ryan O'Reilly wins face-off versus Ryan Strome in New York Islanders zone.
0:28 of 2nd period - Jared Spurgeon is hit by Sam Bennett.
1:07 of 2nd period - Shot by Brendan Gallagher.
1:07 of 2nd period - Shot Blocked by Esa Lindell.
1:23 of 2nd period - Shot by Luke Glendening.
1:23 of 2nd period - Shot Misses the Net.
1:44 of 2nd period - Off-side.
1:45 of 2nd period - Roope Hintz wins face-off versus Casey Cizikas in neutral zone.
2:11 of 2nd period - Shot by Roope Hintz.
2:11 of 2nd period - Stopped by Carter Hart with a rebound.
2:14 of 2nd period - Icing by Alexandre Carrier.
2:15 of 2nd period - Boone Jenner wins face-off versus Casey Cizikas in Washington Capitals zone.
2:55 of 2nd period - Clayton Keller is hit by Colin Miller.
3:01 of 2nd period - Shot by Ryan O'Reilly.
3:01 of 2nd period - Shot Blocked by Filip Roos.
3:17 of 2nd period - Shot by Clayton Keller.
3:17 of 2nd period - Stopped by James Reimer without a rebound.
3:18 of 2nd period - Roope Hintz wins face-off versus Luke Glendening in New York Islanders zone.
3:36 of 2nd period - Shot by Ryan Hartman.
3:36 of 2nd period - Stopped by Carter Hart with a rebound.
3:38 of 2nd period - Shot by Ryan Suter.
3:38 of 2nd period - Stopped by Carter Hart without a rebound.
3:39 of 2nd period - Blake Lizotte wins face-off versus Casey Cizikas in Washington Capitals zone.
3:56 of 2nd period - Radko Gudas is hit by Esa Lindell.
4:02 of 2nd period - Shot by Derek Ryan.
4:02 of 2nd period - Stopped by James Reimer without a rebound.
4:03 of 2nd period - Brayden Schenn wins face-off versus Roope Hintz in New York Islanders zone.
4:40 of 2nd period - Icing by Sam Bennett.
4:41 of 2nd period - Brayden Schenn wins face-off versus Ryan Strome in Washington Capitals zone.
5:34 of 2nd period - Shot by Derek Ryan.
5:34 of 2nd period - Stopped by James Reimer without a rebound.
5:35 of 2nd period - Luke Glendening wins face-off versus Roope Hintz in New York Islanders zone.
6:01 of 2nd period - Travis Konecny is hit by Luke Glendening and loses puck.
6:11 of 2nd period - Icing by Ryan Suter.
6:12 of 2nd period - Ryan O'Reilly wins face-off versus Roope Hintz in New York Islanders zone.
6:33 of 2nd period - Shot by Clayton Keller.
6:33 of 2nd period - Shot Misses the Net.
6:54 of 2nd period - Shot by Sam Bennett.
6:54 of 2nd period - Stopped by James Reimer without a rebound.
6:55 of 2nd period - Boone Jenner wins face-off versus Casey Cizikas in New York Islanders zone.
6:55 of 2nd period - Boone Jenner is hit by Derek Ryan.
7:12 of 2nd period - Icing by Jared Spurgeon.
7:13 of 2nd period - Luke Glendening wins face-off versus Boone Jenner in New York Islanders zone.
8:11 of 2nd period - Brandon Saad is hit by Sam Bennett and loses puck.
8:16 of 2nd period - Ryan Strome is hit by Sam Bennett and loses puck.
9:02 of 2nd period - Icing by Damon Severson.
9:03 of 2nd period - Roope Hintz wins face-off versus Ryan O'Reilly in Washington Capitals zone.
9:03 of 2nd period - Roope Hintz is hit by Ryan Graves.
9:05 of 2nd period - Shot by Travis Konecny.
9:05 of 2nd period - Stopped by Carter Hart without a rebound.
9:06 of 2nd period - Casey Cizikas wins face-off versus Roope Hintz in Washington Capitals zone.
9:06 of 2nd period - Casey Cizikas is hit by Roope Hintz.
9:20 of 2nd period - Shot by Derek Ryan.
9:20 of 2nd period - Shot Misses the Net.
9:26 of 2nd period - Casey Cizikas is hit by Ryan Hartman and loses puck.
9:45 of 2nd period - Shot by Travis Konecny.
9:45 of 2nd period - Shot Misses the Net.
10:03 of 2nd period - Shot by Boone Jenner.
10:03 of 2nd period - Stopped by Carter Hart without a rebound.
10:04 of 2nd period - Luke Glendening wins face-off versus Blake Lizotte in Washington Capitals zone.
10:04 of 2nd period - Luke Glendening is hit by Blake Lizotte.
10:15 of 2nd period - Shot by Brendan Gallagher.
10:15 of 2nd period - Stopped by James Reimer without a rebound.
10:16 of 2nd period - Sam Bennett wins face-off versus Boone Jenner in New York Islanders zone.
10:16 of 2nd period - Ryan O'Reilly is hit by Colin Miller and loses puck.
10:25 of 2nd period - Shot by Sam Bennett.
10:25 of 2nd period - Stopped by James Reimer without a rebound.
10:26 of 2nd period - Luke Glendening wins face-off versus Ryan Strome in New York Islanders zone.
10:42 of 2nd period - Icing by Esa Lindell.
10:43 of 2nd period - Ryan O'Reilly wins face-off versus Ryan Strome in New York Islanders zone.
10:46 of 2nd period - Shot by Ryan O'Reilly.
10:46 of 2nd period - Shot Misses the Net.
10:52 of 2nd period - Shot by Sam Bennett.
10:52 of 2nd period - Stopped by James Reimer without a rebound.
10:53 of 2nd period - Boone Jenner wins face-off versus Luke Glendening in New York Islanders zone.
10:53 of 2nd period - Boone Jenner is hit by Brayden Schenn.
11:19 of 2nd period - Shot by Boone Jenner.
11:19 of 2nd period - Stopped by Carter Hart with a rebound.
11:21 of 2nd period - Shot by Tyler Motte.
11:21 of 2nd period - Deflect By Boone Jenner.
11:21 of 2nd period - Shot Blocked by Victor Hedman.
12:54 of 2nd period - Minor Penalty to Ryan Strome for Holding Stick.
12:55 of 2nd period - Boone Jenner wins face-off versus Brendan Gallagher in New York Islanders zone.
14:24 of 2nd period - Shot by Ryan O'Reilly.
14:24 of 2nd period - Shot Misses the Net.
14:26 of 2nd period - Shot by Ryan Graves.
14:26 of 2nd period - Shot Misses the Net.
14:28 of 2nd period - Shot by Sam Carrick.
14:28 of 2nd period - Shot Misses the Net.
14:30 of 2nd period - Shot by Ryan O'Reilly.
14:30 of 2nd period - Shot Blocked by Trevor Moore.
16:34 of 2nd period - Shot by Brandon Hagel.
16:34 of 2nd period - Stopped by Carter Hart with a rebound.
17:00 of 2nd period - Shot by Brandon Saad.
17:00 of 2nd period - Stopped by Carter Hart without a rebound.
17:01 of 2nd period - Luke Glendening wins face-off versus Roope Hintz in Washington Capitals zone.
17:10 of 2nd period - Shot by Brayden Schenn.
17:10 of 2nd period - Shot Misses the Net.
17:28 of 2nd period - Shot by Roope Hintz.
17:28 of 2nd period - Shot Misses the Net.
17:30 of 2nd period - Shot by Travis Konecny.
17:30 of 2nd period - Stopped by Carter Hart without a rebound.
17:31 of 2nd period - Blake Lizotte wins face-off versus Casey Cizikas in Washington Capitals zone.
18:11 of 2nd period - Icing by Filip Roos.
18:12 of 2nd period - Tyson Jost wins face-off versus Ryan O'Reilly in New York Islanders zone.
18:12 of 2nd period - Trevor Moore is hit by Sam Bennett and loses puck.
19:01 of 2nd period - Icing by Esa Lindell.
19:02 of 2nd period - Boone Jenner wins face-off versus Luke Glendening in New York Islanders zone.
19:27 of 2nd period - Shot by Luke Glendening.
19:27 of 2nd period - Stopped by James Reimer without a rebound.
19:28 of 2nd period - Roope Hintz wins face-off versus Casey Cizikas in New York Islanders zone.
19:41 of 2nd period - Shot by Ryan Hartman.
19:41 of 2nd period - Stopped by Carter Hart without a rebound.
19:42 of 2nd period - Ryan Strome wins face-off versus Brayden Schenn in Washington Capitals zone.
19:42 of 2nd period - Ryan Strome is hit by Damon Severson.
19:52 of 2nd period - Shot by Brandon Saad.
19:52 of 2nd period - Shot Misses the Net.
19:54 of 2nd period - Shot by Scott Mayfield.
19:54 of 2nd period - Stopped by Carter Hart without a rebound.
19:55 of 2nd period - Roope Hintz wins face-off versus Casey Cizikas in Washington Capitals zone.
Goals for this period are 0 for New York Islanders vs 0 for Washington Capitals.
Shots for this period are 11 for New York Islanders vs 9 for Washington Capitals.

3rd period


0:01 of 3rd period - Roope Hintz wins face-off versus Brayden Schenn in neutral zone.
0:04 of 3rd period - Cody Ceci is hit by Ryan Hartman and loses puck.
0:30 of 3rd period - Ryan Hartman is hit by Victor Hedman.
1:15 of 3rd period - Tyler Motte is hit by Cody Ceci.
1:23 of 3rd period - Shot by Scott Mayfield.
1:23 of 3rd period - Shot Misses the Net.
1:45 of 3rd period - Shot by Derek Ryan.
1:45 of 3rd period - Shot Misses the Net.
1:47 of 3rd period - Shot by Ryan Graves.
1:47 of 3rd period - Shot Misses the Net.
2:13 of 3rd period - Shot by Brandon Saad.
2:13 of 3rd period - Shot Misses the Net.
2:15 of 3rd period - Shot by Ryan Strome.
2:15 of 3rd period - Stopped by Carter Hart without a rebound.
2:16 of 3rd period - Luke Glendening wins face-off versus Tyson Jost in Washington Capitals zone.
2:16 of 3rd period - Luke Glendening is hit by Blake Lizotte.
3:39 of 3rd period - Shot by Roope Hintz.
3:39 of 3rd period - Goal by Roope Hintz - New York Islanders : 1 - Washington Capitals : 3.
3:40 of 3rd period - Ryan Strome wins face-off versus Ryan O'Reilly in neutral zone.
4:22 of 3rd period - Brandon Saad is hit by Alexandre Carrier and loses puck.
4:39 of 3rd period - Shot by Brendan Gallagher.
4:39 of 3rd period - Stopped by James Reimer without a rebound.
4:40 of 3rd period - Luke Glendening wins face-off versus Roope Hintz in New York Islanders zone.
5:07 of 3rd period - Shot by Ryan Hartman.
5:07 of 3rd period - Deflect By Travis Konecny.
5:07 of 3rd period - Shot Blocked by Cody Ceci.
5:51 of 3rd period - Shot by Boone Jenner.
5:51 of 3rd period - Stopped by Carter Hart without a rebound.
5:52 of 3rd period - Ryan O'Reilly wins face-off versus Blake Lizotte in Washington Capitals zone.
5:52 of 3rd period - Clayton Keller is hit by Tyson Jost and loses puck.
5:58 of 3rd period - Icing by Radko Gudas.
5:59 of 3rd period - Ryan O'Reilly wins face-off versus Ryan Strome in Washington Capitals zone.
6:08 of 3rd period - Icing by Clayton Keller.
6:09 of 3rd period - Ryan O'Reilly wins face-off versus Roope Hintz in Washington Capitals zone.
6:18 of 3rd period - Icing by Jared Spurgeon.
6:19 of 3rd period - Luke Glendening wins face-off versus Roope Hintz in New York Islanders zone.
6:36 of 3rd period - Shot by Brayden Schenn.
6:36 of 3rd period - Stopped by James Reimer with a rebound.
6:39 of 3rd period - Icing by Roope Hintz.
6:40 of 3rd period - Ryan O'Reilly wins face-off versus Travis Konecny in New York Islanders zone.
6:45 of 3rd period - Shot by Clayton Keller.
6:45 of 3rd period - Shot Misses the Net.
7:51 of 3rd period - Luke Glendening is hit by Brandon Hagel and loses puck.
8:08 of 3rd period - Shot by Cody Ceci.
8:08 of 3rd period - Shot Misses the Net.
8:47 of 3rd period - Icing by Cody Ceci.
8:48 of 3rd period - Blake Lizotte wins face-off versus Luke Glendening in Washington Capitals zone.
9:31 of 3rd period - Trevor Moore is hit by Cal Clutterbuck.
9:50 of 3rd period - Icing by Esa Lindell.
9:51 of 3rd period - Blake Lizotte wins face-off versus Ryan O'Reilly in New York Islanders zone.
10:04 of 3rd period - Shot by Clayton Keller.
10:04 of 3rd period - Shot Hit the Post.
10:06 of 3rd period - Shot by Ryan Graves.
10:06 of 3rd period - Stopped by James Reimer without a rebound.
10:07 of 3rd period - Ryan O'Reilly wins face-off versus Roope Hintz in New York Islanders zone.
10:26 of 3rd period - Shot by Ryan Hartman.
10:26 of 3rd period - Stopped by Carter Hart without a rebound.
10:27 of 3rd period - Boone Jenner wins face-off versus Casey Cizikas in Washington Capitals zone.
10:56 of 3rd period - Shot by Boone Jenner.
10:56 of 3rd period - Deflect By Tyler Motte.
10:56 of 3rd period - Shot Misses the Net.
11:03 of 3rd period - Icing by Radko Gudas.
11:04 of 3rd period - Ryan Hartman wins face-off versus Casey Cizikas in Washington Capitals zone.
11:12 of 3rd period - Off-side.
11:13 of 3rd period - Ryan O'Reilly wins face-off versus Ryan Strome in neutral zone.
12:19 of 3rd period - Victor Hedman is hit by Ryan Strome and loses puck.
12:48 of 3rd period - Clayton Keller is hit by Jared Spurgeon.
13:05 of 3rd period - Roope Hintz is hit by Damon Severson and loses puck.
13:32 of 3rd period - Shot by Boone Jenner.
13:32 of 3rd period - Shot Blocked by Ryan Graves.
13:34 of 3rd period - Shot by Scott Mayfield.
13:34 of 3rd period - Stopped by Carter Hart without a rebound.
13:35 of 3rd period - Tyson Jost wins face-off versus Casey Cizikas in Washington Capitals zone.
13:45 of 3rd period - Off-side.
13:46 of 3rd period - Casey Cizikas wins face-off versus Boone Jenner in neutral zone.
14:28 of 3rd period - Icing by Brandon Hagel.
14:29 of 3rd period - Boone Jenner wins face-off versus Luke Glendening in New York Islanders zone.
14:36 of 3rd period - Ryan Graves is hit by Boone Jenner and loses puck.
14:45 of 3rd period - Icing by Esa Lindell.
14:46 of 3rd period - Brayden Schenn wins face-off versus Boone Jenner in New York Islanders zone.
15:15 of 3rd period - Shot by Roope Hintz.
15:15 of 3rd period - Stopped by Carter Hart without a rebound.
15:16 of 3rd period - Ryan O'Reilly wins face-off versus Ryan Strome in Washington Capitals zone.
15:16 of 3rd period - Clayton Keller is hit by Zack MacEwen and loses puck.
15:23 of 3rd period - Shot by Brandon Saad.
15:23 of 3rd period - Shot Misses the Net.
15:25 of 3rd period - Shot by Brandon Saad.
15:25 of 3rd period - Goal by Brandon Saad - New York Islanders : 2 - Washington Capitals : 3.
15:26 of 3rd period - Casey Cizikas wins face-off versus Roope Hintz in neutral zone.
15:31 of 3rd period - Shot by Casey Cizikas.
15:31 of 3rd period - Shot Blocked by Scott Mayfield.
15:33 of 3rd period - Shot by Casey Cizikas.
15:33 of 3rd period - Stopped by James Reimer without a rebound.
15:34 of 3rd period - Ryan O'Reilly wins face-off versus Travis Konecny in New York Islanders zone.
16:03 of 3rd period - Shot by Sam Bennett.
16:03 of 3rd period - Stopped by James Reimer without a rebound.
16:04 of 3rd period - Casey Cizikas wins face-off versus Ryan Strome in New York Islanders zone.
16:28 of 3rd period - Casey Cizikas is hit by Esa Lindell and loses puck.
16:43 of 3rd period - Shot by Ryan Graves.
16:43 of 3rd period - Shot Blocked by Jared Spurgeon.
17:09 of 3rd period - Shot by Brayden Schenn.
17:09 of 3rd period - Stopped by James Reimer without a rebound.
17:10 of 3rd period - Roope Hintz wins face-off versus Ryan O'Reilly in New York Islanders zone.
17:10 of 3rd period - Roope Hintz is hit by Sam Bennett.
17:13 of 3rd period - Icing by Ryan Hartman.
17:14 of 3rd period - Ryan O'Reilly wins face-off versus Roope Hintz in New York Islanders zone.
17:15 of 3rd period - Shot by Sam Bennett.
17:15 of 3rd period - Deflect By Clayton Keller.
17:15 of 3rd period - Shot Blocked by Colin Miller.
17:17 of 3rd period - Shot by Ryan O'Reilly.
17:17 of 3rd period - Shot Misses the Net.
17:19 of 3rd period - Shot by Radko Gudas.
17:19 of 3rd period - Goal by Radko Gudas - New York Islanders : 2 - Washington Capitals : 4.
17:20 of 3rd period - Roope Hintz wins face-off versus Brayden Schenn in neutral zone.
18:43 of 3rd period - Shot by Cal Clutterbuck.
18:43 of 3rd period - Stopped by James Reimer without a rebound.
18:44 of 3rd period - Casey Cizikas wins face-off versus Ryan Strome in New York Islanders zone.
18:51 of 3rd period - Shot by Casey Cizikas.
18:51 of 3rd period - Shot Misses the Net.
18:59 of 3rd period - Shot by Derek Ryan.
18:59 of 3rd period - Stopped by James Reimer without a rebound.
19:00 of 3rd period - Luke Glendening wins face-off versus Blake Lizotte in New York Islanders zone.
19:13 of 3rd period - Shot by Brendan Gallagher.
19:13 of 3rd period - Stopped by James Reimer with a rebound.
19:15 of 3rd period - Shot by Luke Glendening.
19:15 of 3rd period - Shot Misses the Net.
19:38 of 3rd period - Tyson Jost is hit by Ryan Graves and loses puck.
Goals for this period are 2 for New York Islanders vs 1 for Washington Capitals.
Shots for this period are 7 for New York Islanders vs 10 for Washington Capitals.